 Dungeon Crawl Stone Soup version 0.28-a0-32-g8dfe7f97f6 (webtiles) character file.

Game seed: 13323848486665009957

9809 MovingMist the Nimble (level 11, -4/71 HPs)
             Began as a Gargoyle Fighter on July 27, 2021.
             Was an Elder of Okawaru.
             Slain by a polar bear (21 damage)
             ... on level 1 of the Lair of Beasts.
             The game lasted 00:19:06 (10979 turns).

MovingMist the Nimble (Gargoyle Fighter)           Turns: 10979, Time: 00:19:06

Health: -4/71      AC: 23    Str: 20    XL:     11   Next: 52%
Magic:  11/11      EV: 13    Int:  9    God:    Okawaru [****..]
Gold:   481        SH:  0    Dex: 12    Spells: 10/10 levels left

rFire   x . .      SeeInvis +   j - +4 dagger (elec)
rCold   . . .      Faith    .   (no shield)
rNeg    + . .      Spirit   .   F - +4 scale mail of Complete Protection {rF- Regen+ rCorr SInv}
rPois   ∞          Reflect  .   (no helmet)
rElec   +          Harm     .   v - +0 cloak
rCorr   +          Rampage  .   B - +0 pair of gloves
Will    +....                   (no boots)
Stlth   ..........              (no amulet)
HPRegen 1.21/turn               y - ring of willpower
MPRegen 0.12/turn               (no ring)

@: no status effects
A: sickness immunity, AC +8, negative energy resistance 1, electricity
resistance, torment resistance 1, petrification resistance
a: Renounce Religion, Heroism


You were on level 1 of the Lair of Beasts.
You worshipped Okawaru.
Okawaru was greatly pleased with you.
You visited 3 branches of the dungeon, and saw 11 of its levels.
You also visited: Sewer.

You collected 572 gold pieces.
You spent 91 gold pieces at shops.

Inventory:

Hand Weapons
 a - a +0 flail
 j - a +4 dagger of electrocution (weapon)
 x - a +0 dire flail
Missiles
 I - 5 boomerangs of dispersal (quivered)
 K - a curare-tipped dart
Armour
 v - a +0 cloak (worn)
 B - a +0 pair of gloves (worn)
 F - the +4 scale mail of Complete Protection (worn) {rF- Regen+ rCorr SInv}
   (You found it on level 7 of the Dungeon)

   rF:        It makes you vulnerable to fire.
   SInv:      It lets you see invisible.
   Regen:     It increases your rate of health regeneration.
   rCorr:     It protects you from acid and corrosion.
Jewellery
 e - an amulet of the acrobat
 y - a ring of willpower (left hand)
Wands
 b - a wand of paralysis (5)
 A - a wand of iceblast (6)
 E - a wand of flame (31)
 G - a wand of polymorph (3)
 H - a wand of charming (10)
Scrolls
 f - 6 scrolls of identify {unknown}
 i - 6 scrolls of teleportation {unknown}
 k - 4 scrolls of amnesia {unknown}
 l - 2 scrolls of fog {unknown}
 p - 2 scrolls of enchant weapon {unknown}
 s - 3 scrolls of noise {unknown}
 t - a scroll of torment {unknown}
 u - 2 scrolls of holy word {unknown}
Potions
 c - a potion of attraction {unknown}
 d - 3 potions of might
 g - a potion of degeneration {unknown}
 h - 2 potions of ambrosia {unknown}
 m - a potion of resistance {unknown}
 n - 4 potions of haste {unknown}
 q - 2 potions of cancellation {unknown}
 r - 6 potions of curing
 w - 2 potions of flight {unknown}
 z - 2 potions of magic {unknown}
 C - 2 potions of lignification {unknown}
 D - a potion of brilliance {unknown}
 J - 2 potions of mutation {unknown}


   Skills:
 + Level 9.3 Fighting
 + Level 8.3 Maces & Flails
 + Level 9.4 Armour
 * Level 9.4 Dodging
 - Level 3.2 Shields


You had 10 spell levels left.
You didn't know any spells.
Your spell library contained the following spells:

 Spells                   Type           Power      Damage    Failure   Level
 Animate Skeleton         Necr           0%         N/A       69%         1
 Apportation              Tloc           0%         N/A       69%         1
 Corona                   Hex            0%         N/A       69%         1
 Freeze                   Ice            0%         1d3       69%         1
 Magic Dart               Conj           0%         1d3       69%         1
 Summon Small Mammal      Summ           0%         N/A       69%         1
 Ensorcelled Hibernation  Hex/Ice        0%         N/A       83%         2
 Gell's Gravitas          Tloc           0%         N/A       96%         3
 Lesser Beckoning         Tloc           0%         N/A       96%         3
 Teleport Other           Tloc           0%         N/A       96%         3
 Metabolic Englaciation   Hex/Ice        0%         N/A       100%        5
 Yara's Violent Unravell  Hex/Tmut       0%         3d3       100%        5
 Simulacrum               Ice/Necr       0%         N/A       100%        6


Dungeon Overview and Level Annotations

Branches:
Dungeon (8/15)             Temple (1/1) D:7            Lair (2/6) D:8
  Sewer (visited)
  Swamp: Lair:2-4    Shoals: Lair:2-4     Snake: Lair:2-4    Spider: Lair:2-4

Altars:
Ashenzari
Cheibriados
Dithmenos
Elyvilon
Gozag
Hepliaklqana
Kikubaaqudgha
Makhleb
Nemelex Xobeh
Okawaru
Ru
Sif Muna
Uskayaw
Vehumet
Wu Jian
Yredelemnul
Zin
The Shining One

Shops:
D:4 (:((!

Annotations:
Lair:1 exclusion: 2 oklob plants


Innate Abilities, Weirdness & Mutations

You are immune to sickness and miasma.
Your stone body is resilient. (AC +8)
You are immune to poison.
You resist negative energy. (rN+)
You are resistant to electric shocks. (rElec)
You are resistant to unholy torment.
You are immune to petrification.


Message History

Lightning courses through the polar bear!
The polar bear is moderately wounded.
The spriggan misses you. The polar bear barely misses you.
The polar bear claws you but does no damage. x2
You hit the polar bear.
Lightning courses through the polar bear!
The polar bear is severely wounded.
The spriggan closely misses you.
The polar bear goes berserk!
You hit the polar bear.
The polar bear is almost dead.
The polar bear closely misses you. The polar bear misses you.
The polar bear claws you but does no damage.
The spriggan barely misses you.
You hit the polar bear but do no damage.
The polar bear is almost dead.
The polar bear bites you!!
* * * LOW HITPOINT WARNING * * *
The polar bear claws you but does no damage.
The polar bear barely misses you. The spriggan barely misses you.
The polar bear misses you.
The polar bear claws you but does no damage.
The polar bear barely misses you.
You feel much better. The polar bear bites you.
The polar bear claws you but does no damage.
The polar bear closely misses you. The spriggan closely misses you.
You hit the polar bear but do no damage.
The polar bear is almost dead.
The polar bear bites you but does no damage.
The polar bear claws you but does no damage.
The polar bear claws you.
The spriggan hits you but does no damage.
The polar bear bites you.
* * * LOW HITPOINT WARNING * * *
The polar bear claws you.
* * * LOW HITPOINT WARNING * * *
The polar bear claws you but does no damage.
You barely miss the polar bear.
The polar bear is severely wounded.
The polar bear bites you!!
You die...

.##..(...................#####.#
###.###...................##.#.#
#.# #........................#
##.# #.....>..................#
##..###.....#.#.#..(......####.#
.##..##...#....†#........P# #.##
###.#####.....>)#.......###
##..# ###..###.......i#......##
#..## ##.###......###h@.....##
##..# ............##.......##
#.## ...⌠....#.#.########## #.#
........#...# #.# .⌠...⌠.#....#
##.## .......#....# #..P#
...⌠....##..## ##.##
..........#..## #.#
..............# #.#


You could see a polar bear (berserk) and a spriggan.

Vanquished Creatures
  Erica (D:8)
  A two-headed ogre (D:7)
  Pikel (D:7)
  A black mamba (Lair:1)
  A cane toad (Lair:1)
  3 komodo dragons (Lair:1)
  Grinder (D:4)
  The ghost of BorisBritva the Skirmisher, an amateur DsCK of Xom (D:4)
  Prince Ribbit (D:7)
  A wyvern (Lair:1)
  11 yaks
  Eustachio (D:6)
  Menkaure (D:5)
  9 water moccasins
  A floating eye (Lair:1)
  An ice beast (D:7)
  4 sky beasts
  3 black bears
  2 ogres
  3 wolves (Lair:1)
  A centaur (D:8)
  3 kobold brigands (D:8)
  6 bullfrogs
  3 scorpions
  A wyvern skeleton (D:6)
  5 wights (D:7)
  2 centaur zombies (D:4)
  2 jellies
  4 orc priests
  Jessica (D:2)
  2 centaur skeletons
  Crazy Yiuf (D:3)
  Natasha (twice) (D:4)
  3 iguanas
  3 orc wizards
  13 adders
  6 gnolls (D:4)
  2 river rats (D:3)
  A shadow imp (D:6)
  2 white imps
  An ufetubus (D:6)
  4 dart slugs
  4 worms
  18 orcs
  8 endoplasms
  2 giant cockroaches
  A goblin (D:4)
  3 hobgoblins
  11 jackals
  6 quokkas
  10 ball pythons
  4 bats
  3 frilled lizards
  25 kobolds
  13 rats
224 creatures vanquished.

Vanquished Creatures (others)
  46 fungi
  72 plants
  2 toadstools (D:3)
120 creatures vanquished.

Grand Total: 344 creatures vanquished

Notes
Turn   | Place    | Note
-------+----------+-------------------------------------------
     0 | D:1      | MovingMist the Gargoyle Fighter began the quest for the
                  | Orb.
     0 | D:1      | Reached XP level 1. HP: 14/14 MP: 1/1
   557 | D:1      | Reached XP level 2. HP: 19/19 MP: 2/2
   716 | D:1      | Got Sif Muna's Disquisition on the Bewitching Snowflakes
   884 | D:1      | Reached skill level 1 in Dodging
  1028 | D:1      | Found a faded altar of an unknown god.
  1032 | D:1      | Reached XP level 3. HP: 23/23 MP: 3/3
  1419 | D:2      | Noticed Jessica
  1425 | D:2      | Killed Jessica
  1530 | D:2      | Reached XP level 4. HP: 18/29 MP: 4/4
  1830 | D:2      | Reached XP level 5. HP: 32/33 MP: 5/5
  2086 | D:2      | You fall into a shaft and drop 2 floors!
  2142 | D:3      | Found a glowing drain.
  2175 | Sewer    | Entered a sewer
  3330 | D:2      | Reached XP level 6. HP: 34/38 MP: 6/6
  3866 | D:3      | Found a runed translucent door.
  3867 | D:3      | Noticed Crazy Yiuf
  3874 | D:3      | Killed Crazy Yiuf
  4369 | D:4      | Found Kifuqemap's Distillery.
  4386 | D:4      | Bought a potion of curing for 39 gold pieces
  4422 | D:4      | Found a sparkling altar of Nemelex Xobeh.
  4435 | D:4      | Found Faerixiy's Weapon Emporium.
  4781 | D:4      | Noticed Grinder
  4789 | D:4      | Reached XP level 7. HP: 44/44 MP: 7/7
  4789 | D:4      | Paralysed by Grinder for 4 turns
  4791 | D:4      | Noticed Natasha
  4798 | D:4      | Killed Natasha
  4802 | D:4      | Found Iligitoi's Antique Weapon Shoppe.
  4808 | D:4      | Killed Grinder
  4809 | D:4      | Reached skill level 5 in Fighting
  4809 | D:4      | Reached skill level 5 in Armour
  4970 | D:4      | Found a runed translucent gate.
  4970 | D:4      | Found a runed translucent gate.
  4970 | D:4      | Found a runed translucent gate.
  4972 | D:4      | Noticed BorisBritva's ghost (amateur DsCK)
  4982 | D:4      | Found Rihuvvui's Book Shoppe.
  4993 | D:4      | Found Ehopp's Weapon Shop.
  5046 | D:4      | Bought a +0 dire flail for 52 gold pieces
  5126 | D:4      | Found a sacrificial altar of Ru.
  5278 | D:4      | Noticed Natasha
  5283 | D:4      | Killed Natasha
  5400 | D:4      | Reached XP level 8. HP: 46/49 MP: 8/8
  5416 | D:4      | Killed BorisBritva's ghost
  5490 | D:5      | Entered Level 5 of the Dungeon
  5664 | D:5      | Found a broken altar of Ashenzari.
  5994 | D:5      | Reached skill level 5 in Dodging
  6096 | D:5      | Noticed Menkaure
  6107 | D:5      | Killed Menkaure
  6242 | D:5      | Reached skill level 5 in Maces & Flails
  6631 | D:5      | Found a glowing golden altar of the Shining One.
  6723 | D:6      | Noticed Eustachio
  6748 | D:6      | Killed Eustachio
  6749 | D:6      | Reached XP level 9. HP: 34/56 MP: 9/9
  7250 | D:6      | You fall into a shaft and drop 1 floor!
  7250 | D:7      | Found a glowing silver altar of Zin.
  7251 | D:7      | Noticed Prince Ribbit
  7274 | D:7      | Killed Prince Ribbit
  8099 | D:6      | Found a radiant altar of Vehumet.
  8099 | D:6      | Found an ancient bone altar of Kikubaaqudgha.
  8105 | D:6      | Found a shimmering blue altar of Sif Muna.
  8112 | D:6      | Got Vehumet's Volume of Combat Magic
  8233 | D:7      | Identified the +4 scale mail of Complete Protection {rF-
                  | Regen+ rCorr SInv}
  8524 | D:7      | Found a staircase to the Ecumenical Temple.
  8530 | Temple   | Entered the Ecumenical Temple
  8598 | Temple   | Became a worshipper of Warmaster Okawaru
  8840 | D:7      | Noticed Pikel
  8865 | D:7      | Killed Pikel
  8865 | D:7      | Reached * piety under Okawaru
  8866 | D:7      | Reached XP level 10. HP: 63/63 MP: 10/10
  8899 | D:7      | Noticed a two-headed ogre
  8910 | D:7      | Killed a two-headed ogre
  9011 | D:8      | Reached ** piety under Okawaru
  9124 | D:8      | Found a staircase to the Lair.
  9160 | D:8      | Reached *** piety under Okawaru
  9175 | D:8      | Noticed Erica
  9213 | D:8      | Killed Erica
  9564 | D:8      | Reached XP level 11. HP: 69/69 MP: 11/11
  9867 | Lair:1   | Entered Level 1 of the Lair of Beasts
  9994 | Lair:1   | Reached **** piety under Okawaru
 10091 | Lair:1   | HP: 2/71 [komodo dragon (12)]
 10223 | Lair:1   | Noticed an oklob plant
 10465 | Lair:1   | Noticed an oklob plant
 10976 | Lair:1   | HP: 3/71 [polar bear (21)]
 10979 | Lair:1   | Slain by a polar bear

Illustrated notes

Levels and vault maps discovered:
D:1:      dpeg_arrival_ratfight, layout_basic,
          dreamdust_ecumenical_altar_hidden_monk_grotto
D:2:      layout_basic, minmay_tetromino_i4, uniq_jessica
D:3:      layout_basic, portal_sewer_entry_c, minmay_gold_behind_fungi,
          uniq_crazy_yiuf_cottage
D:4:      layout_basic, mainiacjoe_overflow_tiny_flanked, lemuel_doored_altar,
          gammafunk_ghost_necromancy, serial_shops, shop, shop_fountains, shop,
          nicolae_square_shop, nicolae_diamond_shop, uniq_natasha, uniq_grinder
D:5:      layout_loops_corners, lemuel_coloured_pillars_altar,
          mainiacjoe_overflow_boulevard, uniq_menkaure
D:6:      layout_basic, grunt_temple_overflow_magic_moments, uniq_eustachio
D:7:      layout_gridville, amcnicky_altar_gilded, temple_doors_cd, uniq_pikel,
          uniq_prince_ribbit1
D:8:      layout_loops_cross, due_lair_maze_entry_diamond, uniq_erica
Temple:   eino_temple_water
Lair:1:   layout_gridlike, disabler_island, grunt_megastairs_4
Lair:2:   layout_hall_layers, minmay_shoals_entry_centaurs, forest_entry_grove,
          uniq_nergalle

Skill      XL: |  1  2  3  4  5  6  7  8  9 10 11 |
---------------+----------------------------------+-----
Dodging        | 1 2 3 4 5 7 8 9 |  9.4
Fighting       | 4 5 6 7 8 9 |  9.3
Armour         | 4 5 6 7 8 9 |  9.4
Maces & Flails | 3 4 5 6 7 8 |  8.3
Shields        | |  3.2

Action                   |  1- 3 |  4- 6 |  7- 9 | 10-12 || total
-------------------------+-------+-------+-------+-------++-------
Melee: Flail             |    74 |       |       |       ||    74
       Dagger            |    13 |   236 |   360 |   392 ||  1001
       Dire flail        |       |       |     3 |       ||     3
  Use: Potion            |       |       |     1 |     1 ||     2
Armor: Scale mail        |    43 |   104 |   158 |   248 ||   553
       Chain mail        |       |       |    76 |       ||    76
Dodge: Dodged            |    22 |    72 |   213 |   280 ||   587
Block: Kite shield       |    49 |   107 |     6 |       ||   162

Table legend: (Time is in decaauts)
 A = Elapsed time spent in this place.
 B = Non-inter-level travel time spent in this place.
 C = Inter-level travel time spent in this place.
 D = Time resting spent in this place.
 E = Time spent auto-exploring this place.
 F = Levels seen in this place.
 G = Mean time per level.
                   A        B        C        D        E       F      G
               +--------+--------+--------+--------+--------+-----+--------+
         Total |  11247 |  10848 |    399 |   1459 |   6980 |  12 |  937.2 |
       Dungeon |   9149 |   8810 |    339 |   1320 |   5753 |   8 | 1143.6 |
        Temple |     93 |     75 |     18 |      0 |     67 |   1 |   93.0 |
          Lair |   1114 |   1072 |     42 |    139 |    569 |   2 |  557.0 |
         Sewer |    889 |    889 |      0 |      0 |    591 |   1 |  889.0 |
               +--------+--------+--------+--------+--------+-----+--------+

Top non-repeatable levels by time:
     D:7: 1466 daAuts
     D:2: 1450 daAuts
     D:1: 1281 daAuts
     D:4: 1213 daAuts
     D:5: 1183 daAuts
  Lair:1: 1104 daAuts
     D:3: 921 daAuts
   Sewer: 889 daAuts
     D:8: 883 daAuts
     D:6: 749 daAuts
  Temple: 93 daAuts
  Lair:2: 9 daAuts
